cohdb
Replays
Latest Replays
All Replays
Popular Replays
Top Player Replays
Match Explorer
How It Works
Community
CoH3 Stats
Reddit
Sign in to upload your games and track your stats! →
Sign in with Steam
Match 35067050
Unlisted
Match 35067050
Overview
Messages
Build Orders
End
Construct Barracks
Riflemen Squad
Selects Airborne Battlegroup
Selects Heavy Machine Gun Paradrop
Heavy Machine Gun Paradrop
Riflemen Squad
Selects Smoke Bombing Run
Construct Weapon Support Center
Smoke Bombing Run
Selects Paratrooper Squad Paradrop
Paratrooper Squad Paradrop
Smoke Bombing Run
Construct Medical Station
Air Support Center
P-47 Dive Bomb
Grasshopper Recon Run
Paratrooper Squad Paradrop
P-47 Dive Bomb
P-47 Strafing Run
Selects Anti-tank Gun Team Paradrop
Anti-tank Gun Team Paradrop
Grasshopper Recon Run
Smoke Bombing Run
Selects Supply Drop
Grasshopper Recon Run
Construct Tank Depot
P-47 Dive Bomb
M4A1 Sherman Medium Tank
Grasshopper Recon Run
P-47 Strafing Run
Selects Dual P-47 Rocket Strike
P-47 Dive Bomb
Grasshopper Recon Run
Dani
Marcus V
FariFariBanani
TURBOMAN
Gumshoe.Cambro
oli-x
Steven.
Luka
0
0
Comments
sign in to comment!
No comments posted yet!